 Dungeon Crawl Stone Soup version 0.29-a0-668-g12ee2bf84d (webtiles) character file.

Game seed: 6648618545654144056

128 Newt the Skirmisher (level 4, -4/55 HPs)
             Began as a Demonspawn Abyssal Knight on June 23, 2022.
             Was a Priest of Lugonu.
             Slain by a gnoll
             ... wielding a +3 spear of venom
              (6 damage)
             ... on level 3 of the Dungeon.
             The game lasted 00:05:53 (2024 turns).

Newt the Skirmisher (Demonspawn Abyssal Knight)     Turns: 2024, Time: 00:05:54

Health: -4/55      AC:  6    Str: 15    XL:     4   Next: 87%
Magic:  5/5        EV:  5    Int: 12    God:    Lugonu [***...]
Gold:   123        SH:  0    Dex: 19    Spells: 3/3 levels left

rFire   . . .      SeeInvis .   m - +0 glaive
rCold   . . .      Faith    .   (shield currently unavailable)
rNeg    . . .      Spirit   .   j - +0 ring mail
rPois   .          Reflect  +   (helmet restricted)
rElec   .          Harm     .   (no cloak)
rCorr   .          Rampage  .   g - +0 pair of gloves
Will    .....                   (no boots)
Stlth   ..........              n - amulet of reflection
HPRegen 0.18/turn               e - +6 ring of dexterity
MPRegen 0.09/turn               (no ring)

@: berserking (expiring), held, very quick
A: antennae 1, spiny 1
a: Renounce Religion, Depart the Abyss, Bend Space, Banish


You were on level 3 of the Dungeon.
You worshipped Lugonu.
Lugonu was most pleased with you.
You visited 1 branch of the dungeon, and saw 3 of its levels.
You visited the Abyss 1 time.

You collected 123 gold pieces.

Inventory:

Hand Weapons
 a - a +1 spear
 i - a +0 spear
 m - a +0 glaive (weapon)
 q - a +3 flail
Missiles
 f - 3 poisoned darts (quivered)
 h - 3 javelins
Armour
 b - a +0 leather armour
 g - a +0 pair of gloves (worn)
 j - a +0 ring mail (worn)
Jewellery
 e - a +6 ring of dexterity (left hand)
 n - an amulet of reflection (around neck)
Scrolls
 c - a scroll of summoning {unknown}
 k - a scroll of teleportation {unknown}
 l - a scroll of magic mapping {unknown}
 o - a scroll of enchant armour {unknown}
 p - a scroll of identify {unknown}


   Skills:
 + Level 4.0 Fighting
 + Level 3.1 Polearms
 + Level 0.4 Throwing
 + Level 2.6 Armour
 - Level 1.0 Dodging
 + Level 0.1 Shields
 + Level 2.6 Invocations


You had 3 spell levels left.
You didn't know any spells.
Your spell library contained the following spells:

 Spells                   Type           Power      Damage    Failure   Level
 Ensorcelled Hibernation  Hex/Ice        0%         N/A       67%         2
 Passwall                 Tmut/Erth      0%         N/A       67%         2
 Poisonous Vapours        Pois/Air       0%         N/A       67%         2
 Swiftness                Air            0%         N/A       88%         3
 Corpse Rot               Necr/Pois/Air  0%         N/A       99%         4


Dungeon Overview and Level Annotations

Branches:
Dungeon (3/15)

Altars:
Ashenzari

Annotations:
D:3 1 transporter


Innate Abilities, Weirdness & Mutations

You have a pair of small antennae on your head.
You are partially covered in sharp spines.


Message History

The gnoll is moderately wounded.
The gnoll closely misses you.
You reach to attack!
You hit the gnoll.
The gnoll is severely wounded.
A nearby plant withers and dies.
The gnoll hits you from afar with a +0 halberd!
The gnoll closely misses you.
Okay, then.
Space bends violently around you!
You blink.
The gnoll blinks!
The gnoll hits you from afar with a +0 halberd.
Reach: m) +0 glaive
Press: ? - help, Dir - move target, f/p - gnoll
Aim: a gnoll, wielding a +0 halberd (heavily wounded, about 39% to evade your +0 glaive)
You reach to attack!
You hit the gnoll.
The gnoll is severely wounded.
The gnoll hits you from afar with a +0 halberd!
* * * LOW HITPOINT WARNING * * *
The gnoll hits you from afar with a +1 halberd of pain.
* * * LOW HITPOINT WARNING * * *
Space bends violently around you!
You blink.
Found a pair of gloves.
Space bends violently around you!
You blink.
The gnoll blinks!
You block the gnoll's attack. x2
Okay, then.
It was a potion of magic.
Magic courses through your body. The gnoll closely misses you.
It was a potion of berserk rage.
A red film seems to cover your vision as you go berserk!
You feel yourself moving faster!
You feel mighty! You block the gnoll's attack.
The gnoll throws a throwing net.
The throwing net hits you.
You become entangled in the net!
Okay, then.
You are too berserk!
You struggle against the net.
You feel a strong urge to attack something.
The gnoll is struck by your spines.
You kill the gnoll!
Lugonu accepts your kill.
The gnoll hits you from afar with a +3 spear of venom.
You die...

#......#.#8⌠8#.#..≈≈..
#.....§#.'.©.+.#©.≈≈.#
#......#.#P.P#.#..≈≈.#
#..≈≈.##.##.##.##.≈≈.##
##..≈≈.#©.#P..#..#.≈≈...
..?.≈≈.##.+...'g##.≈≈.#
#.##.≈≈..#.#P.P#g#..≈≈.#
.. ..≈≈###.##+##.###≈≈..
.##..≈≈#........@).#≈ ..
.##..≈≈#..###.###..# .
<....≈≈#.. ### #..#
.#...≈≈## #.....####≈≈[#
.# ..≈≈≈ ≈≈≈≈≈≈≈ ≈≈≈.#
.# .≈≈≈ ≈≈≈≈≈≈≈ ≈≈.# .)
... ....... ...# ##. .#
..####. #... .. . . ..
...


You could see 2 gnolls.

Vanquished Creatures
  An orc wizard (D:3)
  4 gnolls
  An adder (D:2)
  4 dart slugs
  2 worms (D:2)
  6 orcs (D:3)
  3 endoplasms
  A giant cockroach (D:2)
  A hobgoblin (D:1)
  6 kobolds
  5 quokkas
  4 ball pythons
  4 bats
  2 frilled lizards (D:1)
  2 goblins
  4 rats
50 creatures vanquished.

Vanquished Creatures (others)
  A plant (D:3)
1 creature vanquished.

Grand Total: 51 creatures vanquished

Notes
Turn   | Place    | Note
-------+----------+-------------------------------------------
     0 | Abyss:1  | Newt the Demonspawn Abyssal Knight began the quest for the
                  | Orb.
     0 | Abyss:1  | Reached XP level 1. HP: 18/18 MP: 2/2
    16 | Abyss:1  | Found a corrupted altar of Lugonu.
   149 | Abyss:1  | Noticed a small abomination
   150 | D:1      | Escaped the Abyss
   227 | D:1      | Reached ** piety under Lugonu
   318 | D:1      | Gained mutation: You are partially covered in sharp spines.
                  | [demonic ancestry]
   318 | D:1      | Reached XP level 2. HP: 24/24 MP: 3/3
   555 | D:1      | You fall into a shaft and drop 1 floor!
   634 | D:2      | Reached XP level 3. HP: 22/29 MP: 4/4
   971 | D:2      | Reached skill level 1 in Dodging
  1228 | D:2      | Gained mutation: You have a pair of small antennae on your
                  | head. [demonic ancestry]
  1228 | D:2      | Reached XP level 4. HP: 37/37 MP: 5/5
  1435 | D:2      | Reached skill level 4 in Fighting
  1727 | D:3      | Reached *** piety under Lugonu
  1901 | D:3      | Found a broken altar of Ashenzari.
  1995 | D:3      | Found a transporter.
  2007 | D:3      | Found a transporter.
  2024 | D:3      | Slain by a gnoll

Illustrated notes

Levels and vault maps discovered:
D:1:      elethiomel_arrival_shortcut, layout_basic
D:2:      layout_loops_cross
D:3:      layout_loops_corners, mainiacjoe_overflow_24_doors,
          hellmonk_ecumenical_altar_leap_of_faith,
          gammafunk_ghost_gnarly_gnolls, minivault_24, uniq_robin

Skill      XL: |  1  2  3  4 |
---------------+-------------+-----
Armour         | 2 |  2.6
Polearms       | 2 3 |  3.1
Dodging        | 1 |  1.0
Fighting       | 4 |  4.0
Throwing       | |  0.4
Shields        | |  0.1
Invocations    | |  2.6

Action                   |  1- 3 |  4- 6 || total
-------------------------+-------+-------++-------
Melee: Spear             |    74 |    14 ||    88
       Punch             |     1 |     1 ||     2
       Glaive            |       |    25 ||    25
Throw: Dart              |     3 |     2 ||     5
       Javelin           |     4 |     3 ||     7
Invok: Depart the Abyss  |     1 |       ||     1
       Bend Space        |       |     3 ||     3
  Use: Potion            |       |     2 ||     2
 Stab: Sleeping          |     1 |       ||     1
Armor: Leather armour    |    10 |       ||    10
       Ring mail         |     3 |     7 ||    10
Dodge: Dodged            |    32 |    15 ||    47
Block: Other             |       |     7 ||     7
       Reflection        |       |     1 ||     1

Table legend: (Time is in decaauts)
 A = Elapsed time spent in this place.
 B = Non-inter-level travel time spent in this place.
 C = Inter-level travel time spent in this place.
 D = Time resting spent in this place.
 E = Time spent auto-exploring this place.
 F = Levels seen in this place.
 G = Mean time per level.
                   A        B        C        D        E       F      G
               +--------+--------+--------+--------+--------+-----+--------+
         Total |   2039 |   2005 |     34 |    439 |   1030 |   4 |  509.8 |
       Dungeon |   1889 |   1855 |     34 |    439 |    882 |   3 |  629.7 |
         Abyss |    150 |    150 |      0 |      0 |    148 |   1 |  150.0 |
               +--------+--------+--------+--------+--------+-----+--------+

Top non-repeatable levels by time:
     D:2: 1047 daAuts
     D:3: 437 daAuts
     D:1: 404 daAuts
 Abyss:1: 150 daAuts
